cohdb
Replays
Latest Replays
All Replays
Popular Replays
Top Player Replays
Match Explorer
How It Works
Community
CoH3 Stats
Reddit
Sign in to upload your games and track your stats! →
Sign in with Steam
Match 43806808
Unlisted
Match 43806808
Overview
Messages
Build Orders
End
Kradschützen Motorcycle Team
Panzergrenadier Squad
Selects Armored Support Battlegroup
Panzergrenadier Squad
Construct Light Support Kompanie
2.5-tonne Medical Truck
Fire Support Elements
Selects Salvage Kits
Panzergrenadier Squad
Pak 38 Mechanized Group
Construct Panzerarmee Kommand
Veteran Squad Leaders
Tungsten Core Ammunition
Walking Stuka Rocket Launcher
Pak 38 Mechanized Group
Selects Veteran Gunners
Selects Flammpanzer III Medium Tank
Flammpanzer III Medium Tank
faunusflora
Gear-IV-G
14141
sharpshooter
0
0
Comments
sign in to comment!
No comments posted yet!